 Dungeon Crawl Stone Soup version 0.19.0-2-gae57169 (webtiles) character file.

60 pichaelthompson the Twirler (level 3, -2/40 HPs)
             Began as a Demonspawn Gladiator on Nov 6, 2016.
             Was an Initiate of Qazlal.
             Slain by a gnoll
             ... wielding a +0 spear
              (3 damage)
             ... on level 2 of the Dungeon.
             The game lasted 00:10:21 (1738 turns).

pichaelthompson the Twirler (Demonspawn Gladiator)  Turns: 1738, Time: 00:10:22

Health: -2/40      AC:  4    Str: 21    XL:     3   Next: 80%
Magic:  3/3        EV: 13    Int:  9    God:    Qazlal [......]
Gold:   106        SH:  0    Dex: 13    Spells: 1 memorised, 1 level left

rFire  + . .     SeeInvis .     a - +0 quarterstaff
rCold  + . .     Gourm    .     b - +0 leather armour
rNeg   . . .     Faith    .     (shield currently unavailable)
rPois  +         Spirit   .     n - +0 helmet
rElec  +         Reflect  .     (no cloak)
rCorr  +         Harm     .     (no gloves)
MR     .....                    (no boots)
Stlth  ..........               g - amulet of magic regeneration
                                (no ring)
                                (no ring)

@: berserking, resistant, very quick
A: hooves 1
a: Renounce Religion


You were on level 2 of the Dungeon.
You worshipped Qazlal.
Qazlal was noncommittal.
You were hungry.

You visited 1 branch of the dungeon, and saw 2 of its levels.

You collected 106 gold pieces.

Inventory:

Hand Weapons
 a - a +0 quarterstaff (weapon)
Missiles
 d - 3 throwing nets (quivered)
Armour
 b - a +0 leather armour (worn)
 n - a +0 helmet (worn)
Jewellery
 g - an amulet of magic regeneration (around neck)
Scrolls
 h - a scroll of identify {unknown}
 i - 2 scrolls of fear {unknown}
Potions
 k - a potion of curing {unknown}
 m - a potion of degeneration {unknown}
Books
 c - a book of Cantrips

   Spells                             Type                      Level
   a - Confusing Touch                Hexes                        1
   b - Animate Skeleton               Necromancy                   1
   c - Summon Small Mammal            Summoning                    1
   d - Apportation                    Translocation                1
Comestibles
 f - 2 bread rations
 l - 2 meat rations


   Skills:
 + Level 2.1 Fighting
 + Level 3.4 Staves
 + Level 1.8 Throwing
 + Level 1.5 Armour
 + Level 3.1 Dodging
 + Level 0.2 Stealth


You had one spell level left.
You knew the following spells:

 Your Spells              Type           Power        Failure   Level  Hunger
a - Animate Skeleton      Necr           N/A          47%         1    ##.....


Dungeon Overview and Level Annotations

Branches:
Dungeon (2/15)

Altars:
Nemelex Xobeh
Okawaru
Qazlal


Innate Abilities, Weirdness & Mutations

You have large cloven feet.


Message History

It was a potion of berserk rage.
A red film seems to cover your vision as you go berserk!
You feel yourself moving faster!
You feel mighty! The gnoll hits you but does no damage.
The gnoll completely misses you.
You are too injured to fight recklessly!
You are too injured to fight recklessly!
You are too injured to fight recklessly!
You are too injured to fight recklessly!
You barely miss the gnoll. Your kick misses the gnoll. The gnoll hits you.
* * * LOW HITPOINT WARNING * * *
The gnoll hits you from afar with a spear.
* * * LOW HITPOINT WARNING * * *
You thump the gnoll! Your kick misses the gnoll.
The gnoll is severely wounded.
The gnoll barely misses you. The gnoll hits you but does no damage.
You thump the gnoll!
You kill the gnoll!
Qazlal accepts your kill.
The gnoll hits you from afar with a spear.
You die...

#.......##....$.
#>##.##.##......
#.#..##.##......##.
#..#.##.##.........
#.#.###.##......?#.###
#.#.###.##......g#...#
....(...##.....gg##..#
.##.##.## #.##..#
.##.##.# #@##..#
.##....# #.....#
.#####.# #######.##
.......# #.......#
######.# #.#######
#.######.# #........#
##########


You could see 3 gnolls.

Vanquished Creatures
  A gnoll (D:2)
  2 adders (D:2)
  A dart slug (D:2)
  A leopard gecko (D:2)
  3 giant cockroaches (D:1)
  2 hobgoblins (D:1)
  2 jackals (D:1)
  A quokka (D:2)
  A ball python (D:1)
  4 bats
  7 goblins
  2 kobolds
  4 rats (D:1)
31 creatures vanquished.

Notes
Turn   | Place    | Note
-------+----------+-------------------------------------------
     0 | D:1      | pichaelthompson the Demonspawn Gladiator began the quest for the Orb.
     0 | D:1      | Reached XP level 1. HP: 16/16 MP: 1/1
   904 | D:1      | Gained mutation: You have large cloven feet. [demonic ancestry]
   904 | D:1      | Reached XP level 2. HP: 22/22 MP: 2/2
   999 | D:1      | Reached skill level 1 in Armour
  1333 | D:2      | Found an iron altar of Okawaru.
  1363 | D:2      | Learned a level 1 spell: Animate Skeleton
  1386 | D:2      | Found a sparkling altar of Nemelex Xobeh.
  1401 | D:2      | Reached XP level 3. HP: 23/27 MP: 3/3
  1605 | D:2      | Found a stormy altar of Qazlal.
  1625 | D:2      | Became a worshipper of Qazlal Stormbringer
  1736 | D:2      | HP: 1/40 [gnoll/spear (2)]
  1738 | D:2      | Slain by a gnoll

Skill      XL: |  1  2 |
---------------+-------+-----
Dodging        | 3 |  3.1
Staves         | 3 |  3.4
Armour         | 1 |  1.5
Fighting       | |  2.1
Throwing       | |  1.8
Stealth        | |  0.2

Action                   || total
-------------------------++-------
Melee: Quarterstaff      ||    73
       Kick              ||     8
  Use: Potion            ||     2
  Eat: Chunk             ||     2
Armor: Leather armour    ||    24
Dodge: Dodged            ||    76
